 Dungeon Crawl Stone Soup version 0.31.0-11-ge490571c62 (webtiles) character file.

Game seed: 15750130108540869339

713 Fodor the Chopper (level 7, -9/61 HPs)
             Began as a Minotaur Fighter on Jan 31, 2024.
             Mangled by an ogre
             ... wielding a +0 giant spiked club
              (28 damage)
             ... on level 5 of the Dungeon.
             The game lasted 00:19:55 (4282 turns).

Fodor the Chopper (Minotaur Fighter)                Turns: 4282, Time: 00:19:56

Health: -9/61      AC: 13    Str: 23      XL:     7   Next: 41%
Magic:  6/6        EV:  7    Int:  2 (5)  God:
Gold:   187        SH:  4    Dex:  8 (9)  Spells: 6/6 levels left

rFire   . . .        n - +3 flail
rCold   . . .        c - +0 buckler
rNeg    . . .        k - +0 plate armour
rPois   .            (helmet restricted)
rElec   .            (no cloak)
rCorr   .            (no gloves)
SInv    +            l - +0 pair of boots
Will    .....        (no amulet) Stlth
                     m - ring of see invisible
HPRegen 0.30/turn    (no ring)
MPRegen 0.10/turn

%: no passive effects
@: no status effects
A: horns 2, retaliatory headbutt
a: no special abilities


You were on level 5 of the Dungeon.
You visited 2 branches of the dungeon, and saw 6 of its levels.
You also visited: Sewer.

You collected 187 gold pieces.

Inventory:

Hand Weapons
 a - a +0 war axe
 n - a +3 flail (weapon)
 w - a +0 scythe
Missiles
 p - a throwing net (quivered)
Armour
 c - a +0 buckler (worn)
 k - a +0 plate armour (worn)
 l - a +0 pair of boots (worn)
Jewellery
 m - a ring of see invisible (left hand)
Scrolls
 b - a scroll of noise {unknown}
 e - 4 scrolls of identify {unknown}
 f - a scroll of immolation {unknown}
 h - 2 scrolls of enchant weapon {unknown}
 i - a scroll of enchant armour {unknown}
 j - 6 scrolls of blinking {unknown}
 o - 2 scrolls of amnesia {unknown}
 q - 2 scrolls of teleportation {unknown}
 r - a scroll of revelation {unknown}
 s - a scroll of summoning {unknown}
 v - a scroll of fog {unknown}
Potions
 d - 4 potions of might
 g - 2 potions of curing {unknown}


   Skills:
 + Level 5.4 Fighting
 + Level 6.4 Axes
 + Level 5.7 Armour
 + Level 2.1 Dodging
 + Level 0.4 Stealth
 + Level 5.3 Shields


You had 6 spell levels left.
You didn't know any spells.
Your spell library contained the following spells:

 Spells                   Type           Power      Damage    Failure   Level
 Magic Dart               Conj           0%         1d3       100%        1
 Shock                    Conj/Air       0%         1d3       100%        1
 Blink                    Tloc           0%         N/A       100%        2
 Call Imp                 Summ           0%         N/A       100%        2
 Swiftness                Air            0%         N/A       100%        3
 Airstrike                Air            0%         2d(0-16)  100%        4


Dungeon Overview and Level Annotations

Branches:
Dungeon (5/15)             Temple (1/1) D:4           Sewer (visited)

Altars:
Cheibriados
Dithmenos
Fedhas
Hepliaklqana
Kikubaaqudgha
Makhleb
Okawaru
Qazlal
Sif Muna
Trog
Uskayaw
Vehumet
Wu Jian
Xom
Yredelemnul
The Shining One


Innate Abilities, Weirdness & Mutations

You have a pair of horns on your head.
You reflexively headbutt those who attack you in melee.


Message History

There is a stone staircase leading up here.
Found a quarterstaff and a whip.
Found a scroll labelled COCUTTAPRU.
An iguana comes into view.
The iguana hisses angrily.
You see here a scroll labelled COCUTTAPRU.
The iguana bites you but does no damage.
You sock the iguana!
The iguana is heavily wounded.
The iguana bites you but does no damage.
You barely miss the iguana.
The iguana is heavily wounded.
The iguana bites you!
You thump the iguana!
You kill the iguana!
You see here an iguana corpse.
You see here an iguana corpse.
h - 2 scrolls labelled COCUTTAPRU (gained 1)
Found a stone staircase leading down.
Found a spear.
An ogre comes into view. It is wielding a +0 giant club.
Found a clear potion.
The ogre shouts!
You hear a shout!
An ogre comes into view. It is wielding a +0 giant spiked club.
The ogre hits you with a +0 giant club!!
The ogre attacks as it pursues you!
The ogre hits you with a +0 giant club!!
* * * LOW HITPOINT WARNING * * *
A hound comes into view.
The hound barks!
You hit the ogre.
The ogre is lightly wounded.
You block the ogre's attack. The ogre closely misses you.
You furiously retaliate!
You headbutt the ogre! You hit the ogre.
The ogre is severely wounded.
You thump the ogre!
You kill the ogre!
The ogre hits you with a +0 giant spiked club!!
You die...

#.##.....
§.§.§.≈§≈.§#
#.###.###
.≈...≈...≈.#
#.....#
≈.≈.≈.≈.≈.§#
#.#####
...≈...≈...# #.#
§.≈.≈.≈.§§≈# #.#
.≈!.h§§..≈§# #.#
§.≈.≈.≈O§§######.#
#....@)........#
################


You could see an ogre and a hound.

Vanquished Creatures
  Sigmund (D:4)
  An ogre (D:5)
  Blork the orc (D:4)
  A hound (D:4)
  2 orc priests
  2 iguanas
  4 orc wizards
  A hell rat (Sewer)
  Robin (D:2)
  4 gnolls (D:2)
  4 adders
  2 river rats (Sewer)
  A dart slug (D:2)
  2 ribbon worms (D:3)
  10 orcs
  2 bats
  7 endoplasms
  2 giant cockroaches (D:2)
  10 hobgoblins
  7 kobolds
  14 quokkas
  A ball python (D:1)
  2 frilled lizards
  14 goblins
  25 rats
121 creatures vanquished.

Notes
Turn   | Place    | Note
-------+----------+-------------------------------------------
     0 | D:1      | Fodor the Minotaur Fighter began the quest for the Orb.
     0 | D:1      | Reached XP level 1. HP: 19/19 MP: 0/0
   311 | D:1      | Reached XP level 2. HP: 23/27 MP: 1/1
   477 | D:2      | You fall into a shaft and drop 1 floor!
   505 | D:3      | Found a bloodstained altar of Trog.
   549 | D:3      | Found a glowing drain.
   557 | D:3      | Reached XP level 3. HP: 31/33 MP: 2/2
   579 | Sewer    | Entered a sewer
   724 | Sewer    | Reached skill level 1 in Dodging
   724 | Sewer    | Reached XP level 4. HP: 21/41 MP: 3/3
   876 | D:3      | Reached skill level 3 in Axes
  1191 | D:2      | Noticed Robin
  1193 | D:2      | Reached XP level 5. HP: 34/47 MP: 4/4
  1355 | D:2      | Killed Robin
  1758 | D:2      | Reached skill level 4 in Axes
  2006 | D:3      | Found a faded altar of an unknown god.
  2138 | D:3      | Found a shimmering altar of Xom.
  2242 | D:3      | Reached skill level 5 in Armour
  2293 | D:3      | Reached XP level 6. HP: 55/55 MP: 5/5
  2744 | D:4      | Noticed Sigmund
  2751 | D:4      | Killed Sigmund
  2752 | D:4      | Reached skill level 5 in Fighting
  2752 | D:4      | Reached skill level 5 in Axes
  2752 | D:4      | Reached skill level 5 in Shields
  2832 | D:4      | HP: 1/56 [orc priest/+0 whip (4)]
  2847 | D:4      | Reached XP level 7. HP: 6/61 MP: 6/6
  3088 | D:4      | Noticed Blork the orc
  3106 | D:4      | Killed Blork the orc
  3107 | D:4      | Reached skill level 6 in Axes
  3571 | D:4      | Found a staircase to the Ecumenical Temple.
  3578 | Temple   | Entered the Ecumenical Temple
  4185 | D:5      | Entered Level 5 of the Dungeon
  4282 | D:5      | Mangled by an ogre

Illustrated notes

Levels and vault maps discovered:
D:1:      dpeg_arrival_tiny_h, layout_rooms
D:2:      layout_loops_ring, uniq_robin
D:3:      layout_basic, bloody_trog, regret_index_xom_buried_treasure,
          ebering_ecumenical_altar_hall, gup_sewer_entry_pipe
D:4:      layout_cave_pools, minmay_temple_entry_enclosed_plants,
          minmay_rat_hole, uniq_sigmund, uniq_blork_the_orc
D:5:      layout_loops_ring, chequers_temple_overflow_statue_of_worship,
          kennysheep_crisscross, dk_noncrumbling_2, nicolae_elemental_shop,
          minmay_misc_feat_doors, glass_columns_c,
          eino_small_chamber_without_monster, uniq_edmund
Temple:   nicolae_temple_superstar

Skill      XL: |  1  2  3  4  5  6  7 |
---------------+----------------------+-----
Fighting       | 4 5 |  5.4
Shields        | 4 5 |  5.3
Armour         | 4 5 |  5.7
Dodging        | 1 2 |  2.1
Axes           | 3 4 5 6 |  6.4
Stealth        | |  0.4

Action                     |  1- 3 |  4- 6 |  7- 9 || total
---------------------------+-------+-------+-------++-------
  Melee: War axe           |    68 |   157 |    29 ||   254
         Headbutt          |    10 |    22 |     3 ||    35
         Flail             |       |       |     6 ||     6
    Use: Potion            |       |     6 |       ||     6
 Armour: Scale mail        |    53 |    60 |       ||   113
         Chain mail        |       |    85 |    10 ||    95
         Skin              |       |    30 |    15 ||    45
         Plate armour      |       |       |    36 ||    36
  Dodge: Dodged            |    35 |    93 |     7 ||   135
  Block: Buckler           |    20 |    40 |     4 ||    64
